 Dungeon Sprint DCSS version 0.18.1-50-g88ac8fd (webtiles) character file.

1124 Kagutsuchi the Fighter (level 8, -20/73 HPs)
             Began as a Mottled Draconian Berserker on Oct 21, 2016.
             Was an Elder of Trog.
             Demolished by a polar bear (28 damage)
             ... in the Dungeon (Sprint II: "The Violet Keep of Menkaure").
             The game lasted 00:05:23 (613 turns).

Kagutsuchi the Fighter (Mottled Draconian Berserker) Turns: 613, Time: 00:05:24

Health: -20/73     AC:  6    Str: 20      XL:     8   Next: 13%
Magic:  8/8        EV: 15    Int:  4 (8)  God:    Trog [****..]
Gold:   746        SH:  0    Dex:  9 (10) Spells: 0 memorised, 7 levels left

rFire  . . .     SeeInvis .     a - +0 falchion
rCold  . . .     Gourm    .     (armour unavailable)
rNeg   . . .     Faith    .     (no shield)
rPois  .         Spirit   .     (helmet restricted)
rElec  .         Dismiss  .     (no cloak)
rCorr  .         Reflect  .     (no gloves)
SustAt .         Harm     .     (no boots)
MR     .....     Rnd*Rage +     (no amulet)
Stlth  +......... NoTele   +    (no ring)
                                (no ring)

@: short of breath, not resistant to hostile enchantments, very unstealthy
A: breathe sticky flame splash, unfitting armour, berserk 1, clumsy 1,
deterioration 1, frail 1, sense surroundings 1, slow regeneration 1,
cold-blooded, MP-powered wands, AC +6
a: Breathe Sticky Flame, Berserk, Trog's Hand, Brothers in Arms, Burn
Spellbooks, Renounce Religion


You were in the Dungeon.
You worshipped Trog.
Trog was greatly pleased with you.
You were near starving.

You visited 1 branch You collected 972 gold pieces.
You spent 226 gold pieces at shops.

Inventory:

Hand Weapons
 a - a +0 falchion (weapon)
Scrolls
 d - a scroll of random uselessness {unknown}
 h - a scroll of blinking
Potions
 c - 2 potions of curing
 e - a potion of haste
 f - 2 potions of magic
 g - a potion of berserk rage
Comestibles
 b - a bread ration


   Skills:
 + Level 11.2 Fighting
 + Level 10.8 Long Blades
 + Level 10.1 Dodging
 + Level 1.5 Stealth


You had 7 spell levels left.
You didn't know any spells.

Dungeon Overview and Level Annotations

Branches:
Dungeon (1/1)

Altars:
Cheibriados
Dithmenos
Elyvilon
Fedhas
Gozag
Kikubaaqudgha
Makhleb
Nemelex Xobeh
Okawaru
Pakellas
Ru
Sif Muna
Trog
Xom
Yredelemnul
Zin
The Shining One
Beogh
Jiyva
Lugonu

Shops:
D [*:%:?!(}=[[!=((

Annotations:
D exclusion: oklob plant, Roxanne


Innate Abilities, Weirdness & Mutations

You can spit globs of burning liquid.
You can ignite nearby creatures when you spit burning liquid.
Your weird mottled scales are hard (AC +6).
Your body does not fit into most forms of armour.
You are cold-blooded and may be slowed by cold attacks.
You tend to lose your temper in combat.
You are clumsy. (Dex -2)
Your body sometimes deteriorates upon taking damage.
You are frail (-10% HP).
You passively map a small area around you.
You regenerate slowly when monsters are visible.
You expend magic power (3 MP) to strengthen your wands.


Message History

The polar bear is almost dead.
The polar bear misses you. The polar bear barely misses you.
The polar bear claws you but does no damage.
Your unstable footing causes you to fumble your attack.
Your unstable footing causes you to fumble your attack.
The polar bear goes berserk!
You barely miss the polar bear.
The polar bear is almost dead.
The polar bear misses you.
The polar bear claws you but does no damage. x2
You closely miss the polar bear.
The polar bear is almost dead.
The polar bear completely misses you. The polar bear claws you.
The polar bear barely misses you.
Your unstable footing causes you to fumble your attack.
The polar bear bites you!!
* * * LOW HITPOINT WARNING * * *
The polar bear claws you but does no damage.
The polar bear closely misses you. The polar bear bites you!!
You die...

.# * * , .#### +.###
:▓!?$?$!)$* ....# ...#
##▓(!$!?%(% , ##..##
*#..# .#▓!)$!)$(!* *
.##..#, +..# .#▓$%?($!!)
..#..# #..# h#▓()(!??[!*
#.'..####..##.#▓$)%((?()
*
..#....###..c##▓▓▓▓▓▓▓+▓
.##......≈≈≈hyhh@≈≈≈≈≈..
##≈≈§§§..≈#+########+###
≈≈≈≈≈≈≈§.≈#_._._...#t§§#
≈≈≈≈§≈≈≈§≈#._._._..#t§§§
*
≈≈≈≈≈§≈≈≈≈#_._._._.#§≈§≈
* ,
≈§§≈§≈≈≈≈≈#._._._._#≈≈§§
*, ,
#≈§§§§≈≈≈≈#.._._._.#≈§§§≈
,
##≈≈§###≈§#..._._._#≈§≈§
. * # ≈ ≈ ≈


You could see 3 polar bears, a yaktaur, 2 crocodiles and a wasp.

Vanquished Creatures
  4 neqoxecs (D)
  Menkaure (D)
  4 necrophages (D)
  A scorpion (D)
  4 worker ants (D)
  3 worms (D)
17 creatures vanquished.

Vanquished Creatures (others)
  A crocodile (D)
1 creature vanquished.

Grand Total: 18 creatures vanquished

Notes
Turn   | Place    | Note
--------------------------------------------------------------
     0 | D        | Kagutsuchi the Draconian Berserker began the quest for the Orb.
     0 | D        | Reached XP level 1. HP: 19/19 MP: 1/1
     1 | D        | Noticed a necrophage
     1 | D        | Noticed a necrophage
     1 | D        | Noticed a necrophage
     1 | D        | Noticed a necrophage
     5 | D        | Killed a necrophage
     5 | D        | Reached skill level 6 in Fighting
     5 | D        | Reached skill level 5 in Long Blades
     5 | D        | Reached skill level 5 in Dodging
     5 | D        | Reached XP level 2. HP: 31/31 MP: 2/2
     5 | D        | Reached XP level 3. HP: 38/38 MP: 3/3
     5 | D        | Reached XP level 4. HP: 45/45 MP: 4/4
    12 | D        | Killed a necrophage
    12 | D        | Reached skill level 7 in Fighting
    12 | D        | Reached XP level 5. HP: 52/52 MP: 5/5
    17 | D        | Killed a necrophage
    17 | D        | Reached skill level 8 in Fighting
    23 | D        | Killed a necrophage
    23 | D        | Reached skill level 9 in Fighting
    23 | D        | Reached XP level 6. HP: 60/60 MP: 6/6
    50 | D        | Reached ** piety under Trog
   216 | D        | Found Meteor Gilu's Jewellery Shop.
   216 | D        | Found Gomy's Jewellery Boutique.
   216 | D        | Found Furgha Cehoq's Antique Weapon Shop.
   216 | D        | Found Siteas's Antique Armour Boutique.
   216 | D        | Found Ydiyntop's Distillery.
   216 | D        | Found Bosk's Weapon Boutique.
   217 | D        | Found Ajysiupp's Antique Armour Shop.
   217 | D        | Found Loulot's Gadget Boutique.
   217 | D        | Found Xosu's Weapon Shop.
   218 | D        | Found Adwogh's Distillery.
   218 | D        | Found Lialome's Magic Scroll Boutique.
   219 | D        | Noticed an iron elemental
   220 | D        | Found Archar's Book Boutique.
   220 | D        | Found Xuixoata's Food Shop.
   220 | D        | Noticed Menkaure
   220 | D        | Noticed an oklob plant
   221 | D        | Found Docion's Assorted Antiques.
   221 | D        | Found Niemeny's Book Shoppe.
   221 | D        | Found Zoit's Antique Armour Boutique.
   243 | D        | Killed Menkaure
   243 | D        | Reached skill level 10 in Fighting
   243 | D        | Your scales start taking on a weird mottled colour.
   243 | D        | Reached XP level 7. HP: 16/72 MP: 7/7
   253 | D        | Bought a potion of curing for 30 gold pieces
   253 | D        | Bought a potion of mutation for 25 gold pieces
   253 | D        | Bought a potion of heal wounds for 50 gold pieces
   253 | D        | Gained mutation: You are frail (-10% HP). [potion of mutation]
   253 | D        | Gained mutation: You passively map a small area around you. [potion of mutation]
   295 | D        | Noticed a great orb of eyes
   296 | D        | Bought a potion of curing for 33 gold pieces
   296 | D        | Bought a potion of heal wounds for 55 gold pieces
   296 | D        | Bought a potion of curing for 33 gold pieces
   323 | D        | Noticed Roxanne
   366 | D        | Noticed a neqoxec
   366 | D        | Noticed a neqoxec
   366 | D        | Noticed a neqoxec
   366 | D        | Noticed a neqoxec
   366 | D        | Gained mutation: Potions and wands are less effective at restoring your health. [a neqoxec]
   366 | D        | Lost mutation: Potions and wands are less effective at restoring your health. [a neqoxec]
   367 | D        | Gained mutation: You regenerate slowly when monsters are visible. [a neqoxec]
   370 | D        | Gained mutation: You expend magic power (3 MP) to strengthen your wands. [a neqoxec]
   372 | D        | Killed a neqoxec
   372 | D        | Reached skill level 1 in Stealth
   378 | D        | Gained mutation: You are clumsy. (Dex -2) [a neqoxec]
   379 | D        | Killed a neqoxec
   379 | D        | Reached *** piety under Trog
   379 | D        | Reached skill level 10 in Long Blades
   382 | D        | Gained mutation: Your body sometimes deteriorates upon taking damage. [a neqoxec]
   387 | D        | Killed a neqoxec
   387 | D        | Reached skill level 11 in Fighting
   395 | D        | Gained mutation: You tend to lose your temper in combat. [a neqoxec]
   403 | D        | Killed a neqoxec
   403 | D        | Reached skill level 10 in Dodging
   403 | D        | Reached XP level 8. HP: 39/73 MP: 8/8
   427 | D        | Reached **** piety under Trog
   445 | D        | Noticed an obsidian statue
   542 | D        | Found a glowing silver altar of Zin.
   542 | D        | Found a snail-covered altar of Cheibriados.
   573 | D        | Found a glowing golden altar of the Shining One.
   573 | D        | Found a shimmering altar of Xom.
   574 | D        | Found a roughly hewn altar of Beogh.
   574 | D        | Found an oddly glowing altar of Pakellas.
   574 | D        | Found an iron altar of Okawaru.
   575 | D        | Found a burning altar of Makhleb.
   575 | D        | Found an opulent altar of Gozag.
   575 | D        | Found a shadowy altar of Dithmenos.
   576 | D        | Found a sacrificial altar of Ru.
   576 | D        | Found a sparkling altar of Nemelex Xobeh.
   576 | D        | Found a basalt altar of Yredelemnul.
   577 | D        | Found a blossoming altar of Fedhas.
   577 | D        | Found an ancient bone altar of Kikubaaqudgha.
   577 | D        | Found a corrupted altar of Lugonu.
   578 | D        | Found a bloodstained altar of Trog.
   578 | D        | Found a white marble altar of Elyvilon.
   579 | D        | Found a viscous altar of Jiyva.
   579 | D        | Found a deep blue altar of Sif Muna.
   579 | D        | Noticed a polar bear
   580 | D        | Noticed a polar bear
   580 | D        | Noticed a yaktaur
   581 | D        | Noticed a polar bear
   613 | D        | Demolished by a polar bear

Skill      XL: |  1  2  3  4  5  6  7 |
---------------+----------------------+-----
Fighting       | 6 7 9 10 11 | 11.2
Long Blades    | 5 7 8 9 10 | 10.8
Dodging        | 5 6 7 8 10 | 10.1
Stealth        | 1 |  1.5

Action                   |  1- 3 |  4- 6 |  7- 9 || total
-------------------------+-------+-------+-------++-------
Melee: Falchion          |     3 |    59 |    86 ||   148
       Tailslap          |       |    11 |     9 ||    20
Invok: Berserk           |     1 |       |     1 ||     2
 Abil: Breathe Sticky Fl |       |       |     2 ||     2
  Use: Potion            |       |     1 |     5 ||     6
 Stab: Sleeping          |       |     1 |       ||     1
Armor: Skin              |     1 |     8 |    42 ||    51
Dodge: Dodged            |       |    23 |    92 ||   115
